 Dungeon Crawl Stone Soup version 0.24.1 (webtiles) character file.

Game seed: 17998338903821225214, levelgen mode: deterministic

17838 BuffBuff the Cleaver (level 12, -14/110 HPs)
             Began as a Minotaur Berserker on Mar 24, 2020.
             Was a High Priest of Trog.
             Killed from afar by Azrael (39 damage)
             ... with damnation
             ... on level 12 of the Dungeon on Mar 25, 2020.
             The game lasted 00:33:59 (11673 turns).

BuffBuff the Cleaver (Minotaur Berserker)          Turns: 11673, Time: 00:33:59

Health: -14/110    AC: 20    Str: 29    XL:     12   Next: 22%
Magic:  11/11      EV: 23    Int:  9    God:    Trog [*****.]
Gold:   560        SH:  4    Dex: 20    Spells: 11/11 levels left

rFire    x . .     SeeInvis +   t - +1 executioner's axe (venom)
rCold    + + .     Gourm    .   (shield currently unavailable)
rNeg     . . .     Faith    .   k - +2 ice dragon scales
rPois    .         Spirit   .   n - +2 hat {SInv}
rElec    +         Reflect  +   s - scarf {cloud immunity}
rCorr    .         Harm     .   v - +1 pair of gloves {Str+3}
MR       +....                  (no boots)
Stlth    +.........             f - +4 amulet of reflection
HPRegen  0.28/turn              i - ring of protection from magic
MPRegen  0.12/turn              I - ring of Horehit {+Fly rElec Int+5 Dex+4}

@: agile, hasted, very quick
A: retaliatory headbutt, horns 2
a: Berserk, Trog's Hand, Brothers in Arms, Renounce Religion, Evoke Flight


You were on level 12 of the Dungeon.
You worshipped Trog.
Trog was extremely pleased with you.
You were not hungry.

You visited 1 branch of the dungeon, and saw 12 of its levels.
You also visited: Ossuary.

You collected 615 gold pieces.
You spent 55 gold pieces at shops.

Inventory:

Hand Weapons
 h - a +1 battleaxe
 t - a +1 executioner's axe of venom (weapon)
Missiles
 J - 8 poisoned darts (quivered)
Armour
 e - a +0 cloak of poison resistance
 k - +2 ice dragon scales (worn)
 m - a +1 cloak
 n - a +2 hat of see invisible (worn)
 s - a scarf of cloud immunity (worn)
 v - a +1 pair of gloves of strength (worn)
Jewellery
 f - a +4 amulet of reflection (around neck)
 i - a ring of protection from magic (left hand)
 q - an uncursed ring of protection from cold
 I - the ring of Horehit (right hand) {+Fly rElec Int+5 Dex+4}
   (You found it on level 10 of the Dungeon)

   [ring of flight]

   It affects your intelligence (+5).
   It affects your dexterity (+4).
   It insulates you from electricity.
   It lets you fly.
Wands
 a - a wand of iceblast (5)
 r - a wand of enslavement (16)
 u - a wand of polymorph (20)
Scrolls
 g - 5 scrolls of remove curse
 j - 3 scrolls of magic mapping
 l - 3 scrolls of silence {unknown}
 y - 3 scrolls of teleportation
 D - 2 scrolls of torment {unknown}
Potions
 b - 4 potions of heal wounds
 d - 2 potions of lignification
 o - 3 potions of flight
 p - 2 potions of berserk rage
 w - a potion of invisibility
 x - 2 potions of brilliance
 z - a potion of mutation
 A - a potion of agility
 B - a potion of curing
 C - a potion of magic
 E - a potion of resistance
Comestibles
 c - 17 rations
 G - 3 chunks of flesh


   Skills:
 + Level 11.3 Fighting
   Level 0.0 Short Blades
 * Level 14.9 Axes
 + Level 11.0 Armour
 + Level 10.2 Dodging


You had 11 spell levels left.
You didn't know any spells.
Your spell library was empty.

Dungeon Overview and Level Annotations

Branches:
Dungeon (12/15)            Temple (0/1) D:4            Lair (0/6) D:11
    Orc (0/2) D:11        Ossuary (visited)

Altars:
Ashenzari
Gozag
Kikubaaqudgha
Makhleb
Nemelex Xobeh
Okawaru
Sif Muna
Vehumet
Wu Jian
Yredelemnul
The Shining One
Beogh

Shops:
D:4 ?   D:5 [[?[[   D:11 [

Annotations:
D:12 Azrael


Innate Abilities, Weirdness & Mutations

You reflexively headbutt those who attack you in melee.
You have a pair of horns on your head.


Message History

Azrael drinks a potion.
Azrael is healed!
Azrael looks more healthy.
You hit Azrael but do no damage.
Azrael is severely wounded.
Azrael gestures at you.
The sphere of damnation explodes!
The damnation engulfs you!
The damnation engulfs Azrael.
Azrael completely resists.
You hit Azrael but do no damage. You headbutt Azrael, but do no damage.
Azrael is severely wounded.
Azrael gestures at you.
The sphere of damnation explodes!
The damnation engulfs you!!!
* * * LOW HITPOINT WARNING * * *
The damnation engulfs Azrael.
Azrael completely resists.
You hit Azrael but do no damage. You headbutt Azrael, but do no damage.
Azrael is severely wounded.
Your ice dragon scales prevents you from hitting Azrael.
You headbutt Azrael, but do no damage.
Azrael is severely wounded.
Azrael gestures at you.
The sphere of damnation explodes!
The damnation engulfs you!!!
You die...

#.####.##.####.#
#........>......
##.####.........# ######.#.#
####...#...
#####.......##### #...##)#
##...###....##...###......#
##.....##...##.....###......
#.......#..÷#.......##...###
#..(....'.R@'†).....##...#
#.......#...#.......##...#
##.....##...##..^..###..
##...###...###...## #..
##### #...# ##### #...#
#...# #..÷# +..?☼


You could see Azrael.

Vanquished Creatures
  Gastronok (D:8)
  An ettin (D:10)
  4 two-headed ogres
  An unseen horror (D:11)
  2 ugly things (D:11)
  A manticore (D:11)
  Joseph (D:7)
  An elephant (D:11)
  4 kobold demonologists (D:11)
  Prince Ribbit (D:7)
  3 hippogriffs
  5 yaks (D:11)
  4 fire elementals (D:12)
  3 hungry ghosts
  A steam dragon (D:11)
  4 hell hounds (D:12)
  6 orc warriors
  An ice beast (D:8)
  2 black bears
  A sky beast (D:7)
  A necrophage (D:8)
  3 phantoms
  9 ogres
  3 centaurs
  2 crocodiles (D:11)
  2 big kobolds (D:11)
  3 elf zombies (Ossuary)
  5 bullfrogs
  A water moccasin zombie (D:7)
  4 scorpions
  4 wights (D:8)
  6 howler monkeys
  3 jellies
  2 lava snakes (D:10)
  4 crimson imps
  4 centaur zombies
  A bullfrog zombie (D:7)
  5 orc wizards
  A bullfrog skeleton (D:9)
  5 hounds
  14 orc priests
  4 iguanas
  9 worker ants
  2 killer bee zombies
  5 big kobold zombies (Ossuary)
  2 hound zombies
  3 mummies (Ossuary)
  7 gnolls
  A howler monkey skeleton (D:10)
  10 adders
  2 shadow imps
  3 oozes
  5 adder zombies
  4 worms (D:2)
  A dart slug (D:3)
  8 leopard geckos
  57 orcs
  3 ball pythons
  7 giant cockroaches
  A gnoll zombie (Ossuary)
  7 goblins
  A hobgoblin (D:1)
  3 jackals (D:10)
  11 kobolds
  3 quokkas
  5 bats
  5 frilled lizards
  A goblin zombie (Ossuary)
  5 hobgoblin zombies (Ossuary)
  4 jackal zombies (Ossuary)
  5 kobold zombies (Ossuary)
  2 orc zombies (Ossuary)
  A quokka skeleton (D:6)
  5 quokka zombies (Ossuary)
  5 rats
  2 rat zombies (Ossuary)
  A fungus (D:11)
329 creatures vanquished.

Notes
Turn   | Place    | Note
-------+----------+-------------------------------------------
     0 | D:1      | BuffBuff the Minotaur Berserker began the quest for the
                  | Orb.
     0 | D:1      | Reached XP level 1. HP: 19/19 MP: 0/0
    79 | D:1      | Reached XP level 2. HP: 24/27 MP: 1/1
   119 | D:1      | Reached skill level 4 in Axes
   920 | D:2      | Reached XP level 3. HP: 33/33 MP: 2/2
   966 | D:2      | Reached ** piety under Trog
  1059 | D:2      | Found a sparkling altar of Nemelex Xobeh.
  1142 | D:2      | Reached XP level 4. HP: 34/40 MP: 3/3
  1197 | D:2      | Reached skill level 5 in Axes
  1400 | D:2      | You fall into a shaft and drop 1 floor!
  1834 | D:3      | Found a sparkling altar of Nemelex Xobeh.
  1943 | D:3      | Reached XP level 5. HP: 45/47 MP: 4/4
  2414 | D:4      | Found Rodaogup's Magic Scroll Shop.
  2420 | D:4      | Bought a scroll of magic mapping for 35 gold pieces
  2420 | D:4      | Bought a scroll of identify for 20 gold pieces
  2422 | D:4      | Noticed a phantom
  2471 | D:4      | Killed a phantom
  2471 | D:4      | Reached XP level 6. HP: 16/55 MP: 5/5
  2642 | D:4      | Reached skill level 6 in Axes
  2685 | D:4      | Reached skill level 5 in Fighting
  2902 | D:4      | Reached *** piety under Trog
  3029 | D:4      | Found an ornate altar of the Wu Jian Council.
  3248 | D:4      | Found a staircase to the Ecumenical Temple.
  3373 | D:5      | Entered Level 5 of the Dungeon
  3373 | D:5      | Found Yheomeq's Armour Shop.
  3386 | D:5      | Reached XP level 7. HP: 56/61 MP: 6/6
  3400 | D:5      | Found Ypteafij's Armour Emporium.
  3531 | D:5      | Found Suefel's Antique Armour Shop.
  3607 | D:5      | Found a burning altar of Makhleb.
  3607 | D:5      | Found a shattered altar of Ashenzari.
  3741 | D:5      | Found Qixiq's Armour Shop.
  3773 | D:5      | Reached skill level 7 in Axes
  3894 | D:5      | Found Bouchuxi's Magic Scroll Boutique.
  3964 | D:6      | Found a sand-covered staircase.
  3971 | D:6      | Got a spiked buckler
  3975 | Ossuary  | Entered an ossuary
  3986 | Ossuary  | Identified the cursed -4 buckler of the Komodo Dragon {+Inv
                  | rElec Str+2 Dex+4} (You found it on level 6 of the Dungeon)
  4050 | Ossuary  | Reached skill level 5 in Armour
  4169 | Ossuary  | Reached **** piety under Trog
  4276 | Ossuary  | Reached XP level 8. HP: 58/70 MP: 7/7
  4278 | Ossuary  | Reached skill level 5 in Dodging
  4287 | Ossuary  | Reached skill level 8 in Axes
  4735 | D:6      | Found an iron altar of Okawaru.
  5193 | D:6      | Reached skill level 9 in Axes
  5765 | D:7      | Reached ***** piety under Trog
  5846 | D:7      | Noticed Prince Ribbit
  5863 | D:7      | Killed Prince Ribbit
  5863 | D:7      | Reached XP level 9. HP: 65/79 MP: 8/8
  6394 | D:7      | Noticed Joseph
  6409 | D:7      | Killed Joseph
  6409 | D:7      | Reached skill level 10 in Axes
  6826 | D:8      | Reached skill level 11 in Axes
  7026 | D:8      | Received a gift from Trog
  7062 | D:8      | Noticed Gastronok
  7079 | D:8      | Killed Gastronok
  7079 | D:8      | Reached skill level 12 in Axes
  7079 | D:8      | Reached XP level 10. HP: 26/91 MP: 9/9
  7598 | D:8      | Found a glowing golden altar of the Shining One.
  8089 | D:9      | Identified a scroll of acquirement
  8217 | D:9      | Found a basalt altar of Yredelemnul.
  8224 | D:9      | Found an ancient bone altar of Kikubaaqudgha.
  8224 | D:9      | Found a shimmering blue altar of Sif Muna.
  8227 | D:9      | Found a radiant altar of Vehumet.
  8228 | D:9      | Found an opulent altar of Gozag.
  8551 | D:10     | Entered Level 10 of the Dungeon
  8561 | D:10     | Noticed an ettin
  8567 | D:10     | Killed an ettin
  8845 | D:10     | Reached XP level 11. HP: 99/99 MP: 10/10
  8872 | D:10     | Got a warped platinum ring
  8874 | D:10     | Identified the ring of Horehit {+Fly rElec Int+5 Dex+4}
                  | (You found it on level 10 of the Dungeon)
  9451 | D:11     | Reached skill level 13 in Axes
  9454 | D:11     | Noticed a two-headed ogre
  9460 | D:11     | Killed a two-headed ogre
  9482 | D:11     | Reached skill level 10 in Fighting
  9869 | D:11     | Reached skill level 10 in Armour
 10012 | D:11     | Noticed a white ugly thing
 10029 | D:11     | Killed a white ugly thing
 10155 | D:11     | Noticed a white ugly thing
 10162 | D:11     | Killed a white ugly thing
 10162 | D:11     | Reached skill level 14 in Axes
 10200 | D:11     | Found Mumeisig's Antique Armour Shop.
 10262 | D:11     | Found a staircase to the Lair.
 10262 | D:11     | Noticed an unseen horror
 10278 | D:11     | Killed an unseen horror
 10285 | D:11     | Found a roughly hewn altar of Beogh.
 10285 | D:11     | Found a staircase to the Orcish Mines.
 10461 | D:11     | Received a gift from Trog
 10965 | D:12     | Noticed a two-headed ogre
 10965 | D:12     | Noticed a two-headed ogre
 10970 | D:12     | Killed a two-headed ogre
 10974 | D:12     | Killed a two-headed ogre
 10974 | D:12     | Reached skill level 10 in Dodging
 10974 | D:12     | Reached XP level 12. HP: 34/110 MP: 11/11
 11260 | D:12     | Noticed a two-headed ogre
 11264 | D:12     | Killed a two-headed ogre
 11318 | D:12     | Noticed Azrael
 11673 | D:12     | Killed from afar by Azrael

Levels and vault maps discovered:
D:1:      dpeg_arrival_rooms_b, layout_basic
D:2:      layout_rooms, nemelex_xobeh_ov_fountains_minmay
D:3:      layout_basic, first_ration, nemelex_dance_club_becter
D:4:      layout_loops_ring, nicolae_overflow_hidden_temple,
          minmay_temple_entry_offerings, serial_shops, nicolae_shop_waterfront
D:5:      layout_gridville, gammafunk_temple_overflow_elements, serial_shops,
          shop, shop_statue, kennysheep_mini_moat, nicolae_shop_crystal, shop
D:6:      layout_layer_cave, overflow_temple_1_default,
          nicolae_ossuary_entry_monument
D:7:      layout_basic, uniq_joseph, uniq_prince_ribbit1
D:8:      layout_basic, serial_corexii_hall, corexii_hall_statues_i,
          corexii_hall_statues_i, corexii_hall_statues_s, grunt_ogre_cave,
          eino_tiny_chamber, tso_altar, uniq_gastronok
D:9:      layout_basic, minitemple
D:10:     layout_rooms, kennysheep_island_fort
D:11:     layout_loops_ring, david_lair_generic, david_orc_5, serial_shops,
          nicolae_shop_waterfront
D:12:     kennysheep_six_static_rooms, layout_loops_cross, uniq_azrael

Skill      XL: |  1  2  3  4  5  6  7  8  9 10 11 12 |
---------------+-------------------------------------+-----
Axes           | 4 5 6 7 9 12 14 | 14.9
Fighting       | 4 5 6 7 9 11 | 11.3
Armour         | 3 4 5 6 8 9 10 11 | 11.0
Dodging        | 3 4 6 8 10 | 10.2

Action                   |  1- 3 |  4- 6 |  7- 9 | 10-12 || total
-------------------------+-------+-------+-------+-------++-------
Melee: Hand axe          |    72 |   168 |   153 |       ||   393
       Headbutt          |    21 |    30 |    86 |    93 ||   230
       War axe           |       |       |   255 |       ||   255
       Battleaxe         |       |       |    32 |   235 ||   267
       Executioner's axe |       |       |       |    57 ||    57
Invok: Berserk           |       |     1 |     2 |     2 ||     5
       Trog's Hand       |       |       |     2 |     2 ||     4
  Use: Scroll            |       |       |    18 |    11 ||    29
       Potion            |       |       |       |     2 ||     2
  Eat: Chunk             |     1 |     7 |    12 |    19 ||    39
       Ration            |       |       |     2 |     1 ||     3
Armor: Animal skin       |    11 |       |       |       ||    11
       Ice dragon scales |     9 |    69 |   131 |   122 ||   331
Dodge: Dodged            |    28 |    33 |    99 |   194 ||   354
Block: Large shield      |    28 |    93 |   238 |       ||   359
       Other             |       |       |       |    32 ||    32
       Reflection        |       |       |       |     1 ||     1
